Cogmind - Beta 15 @@@ ROGUE MODE // 2025.07.13 @ 12:12:17 Player: arius Result: Destroyed by S-10 Pest with Light Assault Rifle Performance ------------- Evolutions (0) 0 Regions Visited (1) 200 Robots Destroyed (13) 65 Value Destroyed (399) 399 Prototype IDs (0) 0 Alien Tech Used (0) 0 Bonus (0) 0 TOTAL SCORE: 664 Bonus ------- None Cogmind --------- Core Integrity 0/250 Matter 279/300 Energy 100/100 System Corruption 1% Temperature Cool (6) Movement Treading (160) Location -10/Materials Parts ------- > --- POWER (1) -------- (None) > --- PROPULSION (2) --- Light Treads > --- UTILITY (2) ------ Improved Terrain Scanner Seismic Detector > --- WEAPON (2) ------- (None) > --- INVENTORY (5) ---- Medium Storage Unit Visual Processing Unit Hammer Hammer Peak State ------------ > --- POWER ------------ Light Ion Engine > --- PROPULSION ------- Aluminum Leg Aluminum Leg > --- UTILITY ---------- Improved Terrain Scanner Seismic Detector > --- WEAPON ----------- Assault Rifle Assault Rifle > --- INVENTORY -------- Small Laser [Rating: 9] Favorites ----------- Power Light Ion Engine Engine Light Ion Engine Propulsion Aluminum Leg Treads Light Treads Leg Aluminum Leg Utility Seismic Detector Device Seismic Detector Weapon Assault Rifle Energy Gun Particle Gun Ballistic Gun Assault Rifle Impact Weapon Hammer Build | -11 -10 ------- Run | Yrd Mat Slots Evolved . | . . Power . | . . Propulsion . | . . Utility . | . . Weapon . | . . Parts Attached 13 | 7 6 Power 1 | 1 . Engine 1 | 1 . Core . | . . Reactor . | . . Propulsion 4 | 2 2 Treads 1 | . 1 Leg 3 | 2 1 Wheel . | . . Hover . | . . Flight . | . . Utility 2 | 2 . Device 2 | 2 . Storage . | . . Processor . | . . Hackware . | . . Protection . | . . Artifact . | . . Weapon 6 | 2 4 Energy Gun 1 | . 1 Energy Cannon . | . . Ballistic Gun 3 | 2 1 Ballistic Cannon . | . . Launcher . | . . Special Weapon . | . . Impact Weapon 2 | . 2 Slashing Weapon . | . . Piercing Weapon . | . . Special Melee Weapon . | . . Unidentified Prototypes . | . . Parts Lost 5 | . 5 Power 1 | . 1 Propulsion 1 | . 1 Utility . | . . Weapon 3 | . 3 Highest Loss Streak 2 | . 2 To Critical Strikes . | . . Average Backups 3 | . 3 Power . | . . Propulsion . | . . Utility 1 | . 1 Weapon 2 | . 2 Tool/Special . | . . Unused Backups 3 | 1 2 Power . | . . Propulsion . | . . Utility 2 | . 2 Weapon 1 | 1 . Tool/Special . | . . Average Slot Usage (%) 83 | . 83 Engine 5 | . 5 Treads 5 | . 5 Leg 16 | . 16 Device 28 | . 28 Ballistic Gun 23 | . 23 Impact Weapon 2 | . 2 Peak Build Rating 9 | 9 9 Average Rating 7 | 4 7 On Entrance 4 | . 9 Naked Turns . | . . Heaviest Build 9 | 9 9 Greatest Support 20 | 20 20 Greatest Overweight (x) . | . . Average Overweight (x) . | . . Largest Inventory Capacity 5 | 5 5 Average Capacity 5 | 5 5 Most Carried 5 | 3 5 Average Carried 3 | 1 3 Final Capacity 5 | 5 5 Final Carried 4 | . 4 Class Distribution -------------------- 100% | Mutant Dominant Class ---------------- Mutant | -10/Materials Resources | -11 -10 ----------- Run | Yrd Mat Matter Collected 574 | 318 256 Remotely . | . . Salvage Created 455 | 54 401 Parts 24 | 8 16 Haulers Intercepted . | . . Recyclers Shooed . | . . Parts Field Recycled . | . . Retrieved Matter . | . . Parts Self-Destructed . | . . Prevented . | . . Kills | -11 -10 ------- Run | Yrd Mat Combat Hostiles Destroyed 11 | 1 10 Melee 2 | . 2 Guns 8 | 1 7 Classes Destroyed 4 | 2 2 Tunneler 1 | 1 . Watcher 1 | . 1 Swarmer 1 | . 1 Grunt 10 | 1 9 Best Kill Streak 2 | 2 2 Combat Bots Only 2 | 1 2 Max Kills in Single Turn 2 | 2 1 Gunslinging . | . . Exploded . | . . Melee 1 | . 1 Uniques/NPCs Destroyed . | . . Combat | -11 -10 -------- Run | Yrd Mat Hostile Shots Fired 100 | 11 89 Missed 16 | 3 13 Hits 84 | 8 76 Projectile 84 | 8 76 Damage Taken 989 | 87 902 Core 254 | 12 242 Absorbed by Shields . | . . Core Remaining (%) 95 | 95 . Volleys Fired 51 | 8 43 Largest 2 | 2 2 Hottest 65 | 40 65 Shots Fired 85 | 16 69 Gun 85 | 16 69 Cannon . | . . Launcher . | . . Special . | . . Kinetic 82 | 16 66 Thermal 3 | . 3 Explosive . | . . Electromagnetic . | . . Robot Hit Streak 10 | 10 7 Robot Miss Streak 7 | 2 7 Penetration Max . | . . Secondary Targets 2 | . 2 Max Gunslinging Chain 1 | . 1 Shots Hit Robots 61 | 12 49 Core Hits 20 | 3 17 Critical Kills 1 | . 1 Critical Parts Destroyed 4 | . 4 Critical Strikes 5 | . 5 Smash 5 | . 5 Melee Attacks 21 | . 21 Impact 21 | . 21 Slashing . | . . Piercing . | . . Sneak Attacks . | . . Combat Hostiles . | . . Follow-up Attacks . | . . Damage Inflicted 967 | 158 809 Guns 637 | 158 479 Cannons . | . . Explosions . | . . Melee 330 | . 330 Ramming . | . . Kinetic 604 | 158 446 Thermal 33 | . 33 Explosive . | . . Electromagnetic . | . . Impact 330 | . 330 Slashing . | . . Piercing . | . . Highest Corruption 1 | . 1 Average Corruption 1 | . 1 Corruption Purged . | . . Corruption Blocked . | . . Effects 7 | . 7 Message Errors 1 | . 1 Matter Fused 2 | . 2 Heat Flow Errors 1 | . 1 Alerts 1 | . 1 Weapon Failures 2 | . 2 Overload Shots . | . . Overflow Damage 113 | . 113 Projectiles . | . . Explosions . | . . Melee 113 | . 113 Knockbacks 4 | . 4 Impact 2 | . 2 Kinetic . | . . Secondary 2 | . 2 Self-Inflicted Damage . | . . Shots . | . . Rammed . | . . Targets Rammed . | . . Kicked . | . . Crushed . | . . Highest Temperature 226 | . 226 Average Temperature 72 | . 72 Received Heat Transfer 405 | 48 357 Siege Activations . | . . Martial Activations . | . . Shielding Activations . | . . Robots Disrupted . | . . Combat Hostiles . | . . Robots Corrupted 1 | . 1 Combat Hostiles 1 | . 1 Parts Fried . | . . Impact Corruptions 5 | . 5 Robots Melted . | . . Combat Hostiles . | . . Parts Melted . | . . Heat Transferred 74 | . 74 Parts Sabotaged . | . . Parts Stolen . | . . Parts Stripped . | . . Power Chain Reactions . | . . Alert | -11 -10 ------- Run | Yrd Mat Maximum Alert Level . | . . Low Security (%) 100 | 100 100 Level 1 . | . . Level 2 . | . . Level 3 . | . . Level 4 . | . . Level 5 . | . . High Security . | . . Max Security . | . . Peak Influence 90 | 25 90 Initial 9 | . 9 Average 16 | 4 18 Influence Increases 326 | 25 301 Destroy 0b10 Robot/C 220 | 20 200 Destroy 0b10 Robot/NC 10 | 5 5 Destroy Leader 42 | . 42 Successful Hack 9 | . 9 Lose Combat Pursuer 45 | . 45 Influence Decreases 295 | 10 285 Entered New Map 6 | . 6 Time Decay 249 | 10 239 Lost Part 40 | . 40 Squads Dispatched 4 | . 4 Investigation 3 | . 3 Extermination . | . . Reinforcement 1 | . 1 Assault . | . . Garrison . | . . Intercept . | . . Searches Triggered . | . . Construction Impeded . | . . Haulers Reinforced . | . . Active Scanning Responses . | . . Cargo Convoy Interrupts . | . . Stealth | -11 -10 --------- Run | Yrd Mat Distress Signals . | . . Communications Jammed . | . . Distress Signals . | . . Times Spotted 24 | 1 23 Peak Tracking Total 4 | 1 4 Tactical Retreats 2 | . 2 Traps | -11 -10 ------- Run | Yrd Mat Traps Triggered 4 | . 4 Indirectly . | . . Trap Hack Attempts . | . . Triggered . | . . Disarmed . | . . Reprogrammed . | . . Reused . | . . Traps Extracted . | . . Installed . | . . Triggered . | . . Machines | -11 -10 ---------- Run | Yrd Mat Machines Disabled . | . . Max in Single Turn . | . . Machines Repaired . | . . Machines Dismantled . | . . Machines Sabotaged . | . . Overloaded Fab Kills . | . . Hacking | -11 -10 --------- Run | Yrd Mat Machines Accessed 4 | . 4 Terminals 3 | . 3 Fabricators . | . . Repair Stations . | . . Recycling Units 1 | . 1 Scanalyzers . | . . Garrison Access . | . . Total Hacks 13 | . 13 Successful 5 | . 5 Failed 8 | . 8 Catastrophic 1 | . 1 Database Lockouts . | . . Manual 3 | . 3 Terminals 10 | . 10 Fabricators . | . . Repair Stations . | . . Recycling Units 3 | . 3 Scanalyzers . | . . Garrison Access . | . . Terminal Hacks 5 | . 5 Record 2 | . 2 Branch Access Points 1 | . 1 Emergency Access Points 1 | . 1 Maintenance Status 1 | . 1 Fabricator Hacks . | . . Repair Station Hacks . | . . Recycling Unit Hacks . | . . Scanalyzer . | . . Garrison Access Hacks . | . . Unauthorized Hacks . | . . Terminals . | . . Fabricators . | . . Repair Stations . | . . Recycling Units . | . . Scanalyzers . | . . Garrison Access . | . . Data Cores Recovered . | . . Used . | . . Hacking Detections 3 | . 3 Full Trace Events 3 | . 3 Feedback Events . | . . Feedback Blocked . | . . Robot Schematics Acquired . | . . Robots Built . | . . Authchips . | . . Time . | . . Total Robot Build Rating . | . . Part Schematics Acquired . | . . Parts Built . | . . Authchips . | . . Time . | . . Total Part Build Rating . | . . Parts Repaired . | . . Time . | . . Parts Recycled . | . . Recycled Matter . | . . Retrieved Matter . | . . Retrieved Components . | . . Parts Scanalyzed . | . . Part Schematics Acquired . | . . Parts Damaged . | . . Bothacking | -11 -10 ------------ Run | Yrd Mat Used RIF Installer . | . . Robots Hacked . | . . Non-combat . | . . Combat . | . . Robot Hacks Applied . | . . Relay Couplers Released . | . . Fabnet Peak Effective % . | . . Robots Rewired . | . . Allies Hacked . | . . Hacks Repelled . | . . Allies | -11 -10 -------- Run | Yrd Mat Total Allies . | . . Largest Group . | . . Highest-Rated Group . | . . Highest-Rated Ally . | . . Total Orders . | . . Ally Attacks . | . . Total Damage . | . . Kills . | . . Allies Corrupted . | . . Allies Melted . | . . Intel | -11 -10 ------- Run | Yrd Mat Active Infowar (turns) 956 | 4 952 Terrain 406 | 4 402 Seismic 955 | 3 952 Robot Analysis Total . | . . Derelict Logs Recovered . | . . Drone Launches . | . . Drone Recoveries . | . . Exploration | -11 -10 ------------- Run | Yrd Mat Turns Passed 1080 | 128 952 Spaces Moved 610 | 89 521 Core 25 | 25 . Treads 195 | . 195 Legs 390 | 64 326 Wheels . | . . Hover . | . . Flight . | . . Fastest Speed 50 | 50 120 Average Speed 129 | 100 134 Slowest Speed 160 | 120 160 Overloaded Moves . | . . Propulsion Burnouts . | . . Robots Hopped . | . . Potential Cave-ins . | . . Cave-ins Triggered . | . . Exploration Rate (%) 31 | 8 55 Regions Visited 1 Branch Regions . Pre-discovered Areas . | . . Known Exits Taken . | . . Unknown Exits Taken 1 | 1 . Scrap Searched . | . . Spaces Dug . | . . Terrain Destroyed . | . . Melee . | . . Projectile . | . . AOE . | . . Terrain Rammed . | . . Walls Destroyed . | . . Machines Disabled . | . . Actions | -11 -10 --------- Run | Yrd Mat Total 775 | 112 663 Wait 56 | . 56 Move 609 | 88 521 Hop . | . . Pick Up 17 | 8 9 Fast Attach . | . . Attach 10 | 7 3 Detach 1 | . 1 Swap 6 | . 6 Drop 5 | 1 4 Fire 51 | 8 43 Melee 20 | . 20 Ram . | . . Kick . | . . Crush . | . . Escape Stasis . | . . Rewire . | . . Trap . | . . Miscellaneous . | . . Route ------- -11/Scrapyard -10/Materials (discovered 4 exits: [*Mat x2] / *Min / [*Sub]) History --------- Turn | Location | Event 2 | -11/Scrapyard | Met Revision 17 75 | -11/Scrapyard | Discovered new exit (range 8) 129 | -11/Scrapyard | Entered Materials 323 | -10/Materials | Build established: Mutant 350 | -10/Materials | Identified exit to Mines 473 | -10/Materials | Discovered new exit (range 4) 583 | -10/Materials | Discovered new exit (range 12) 639 | -10/Materials | Discovered new exit (range 14) 659 | -10/Materials | Core integrity fell below 50% 1043 | -10/Materials | Core integrity fell below 20% 1081 | -10/Materials | Destroyed by S-10 Pest with Light Assault Rifle Last Messages --------------- G-34 Mercenary destroyed. Switching to secondary target: G-47 Trooper. K-01 Serf collects debris. System corrupted: Assault Rifle jammed. K-01 Serf collects debris. Acquired 9 matter. K-01 Serf collects debris. Assault Rifle destroyed. G-47 Trooper destroyed. Acquired Particle Gun. Acquired 31 matter. S-10 Pest destroyed. K-01 Serf collects debris. System corrupted: Assault Rifle jammed. K-01 Serf collects debris. Destroyed Flight Unit. K-01 Serf collects debris. Assault Rifle destroyed. K-01 Serf collects debris. Particle Gun destroyed. Map ----- +----------------------------------------------------+ | #???????????????????????? | | #???????????????????????? | | ##### #???????????????????????? | | ????###+########?? ???????????????? | | ?????# #?? ???????????????? | | ?????# #?? ####### #?????? | | ?????# # ????? | | ?????# """"""" + < ????? | | ?????# """"""" # ????? | | ?????# """"""" #?? #######+???????? | | ?????# """"""" #?# #??????????????? | | ?????# """"""" #?# #??????????????? | | ?????#########+#?# #??????????????? | | ####### ## #?# #??????????????? | | + ## #?# #??????????????? | | ####### ## #?# #??????????????? | | ??????# ## #?# #??????????????? | | ??????# ## ###%########???????? | | ??????# # ! #???????? | | ??????# + #???????? | | ??????# # """ === #???????? | | ??????# # """ == |#???????? | | ??????# # """ =m #????" ?? | | ??????# # #??""" #? | | ??????# # ! ^# """ #? | | ??????####### r gg @/ #? | | ????????????# ##### # ! !#? | | ????????????# #??##s ##?####?? | | ????????????# #?## ##?????? | | ????????????# ### #?????? | | ????????????# /s #?????? | | ????????????#%= ## > #?????? | | ????????????#! ## #?????? | | ????????????#= ##"" ""#?????? | | ????????????#% ###"!!!"##?????? | | ??????????? #?##"""##??????? | | ????????? #??#####???????? | | ???????? #??????????????? | | ??????? #??????????????? | | ?????? ??????????????? | | ??????#########+##+##?????????????? | | ??????????????????????????????????? | | ??????????????????????????????????? | | ??????????????????????????????????? | | ??????????????????????????????????? | | ??????????????????????????????????? | | | | | | | | | +----------------------------------------------------+ Best States ------------- Heat Dissipation 25 Energy Generation 10 Energy Capacity 125 Matter Stores 300 Matter Capacity 300 Sight Range 16 Terrain Scan Range 16 Terrain Scan Density 10 Evasion (%) 55 Recoil Reduction 1 Item Schematics ----------------- None Robot Schematics ------------------ None Fabricated ------------ Nothing Repaired ---------- Nothing Alien Tech Used ----------------- None Achievements -------------- Party Time Power Corrupts Challenges ------------ None Game ------ Seed TargetingGatlingArmor Manual? 0 Play Time 00:26:15 Cumulative 1.9 hours Start 2025.07.13 @ 11:44:50 End 2025.07.13 @ 12:12:17 Sessions 1 Manual Loads 0 Difficulty Rogue Special Mode None Game No. 2 Rogue 2 Adventurer 0 Explorer 0 Win Type - Total 0 Types 0/0/0/0/0/0/0/0/0/0 Lore% 0 Gallery% 2 Achievement% 3 Wizard Run 0 Options --------- Layout 1 ASCII 0 Keyboard 1 Movement Vi Keybinds 0 Fullscreen 1 Font 32/SmallcapsGlow Map View 50x35 Zoom Use 0% Tactical HUD 0 Map Filters NONE Filters NONE Steam 1 RUN: 57cc7199-6cb1-4915-9d0d-b481c84da9fd